 Seeded DCSS version 0.28-a0-1594-ga885d4b3d6 (webtiles) character file.

Game seed: 11 (custom seed)

2 knot the Skirmisher (level 1, -3/27 HPs)
             Began as a Demonspawn Berserker on Jan 20, 2022.
             Was a Follower of Trog.
             Slain by a kobold (10 damage)
             ... on level 1 of the Dungeon.
             The game lasted 00:00:10 (144 turns).

knot the Skirmisher (Demonspawn Berserker)           Turns: 144, Time: 00:00:11

Health: -3/27      AC:  2    Str: 17    XL:     1   Next: 25%
Magic:  1/1        EV:  9    Int:  8    God:    Trog [*.....]
Gold:   7          SH:  0    Dex: 12    Spells: 0/0 levels left

rFire   . . .      SeeInvis .   a - +0 hand axe
rCold   . . .      Faith    .   (no shield)
rNeg    . . .      Spirit   .   b - +0 animal skin
rPois   .          Reflect  .   (no helmet)
rElec   .          Harm     .   (no cloak)
rCorr   .          Rampage  .   (no gloves)
Will    .....                   (no boots)
Stlth   ..........              (no amulet)
HPRegen 0.09/turn               (no ring)
MPRegen 0.07/turn               (no ring)

@: berserking, constricted, very quick
A: no striking features
a: Renounce Religion, Berserk


You were on level 1 of the Dungeon.
You worshipped Trog.
Trog was aware of your devotion.
You visited 1 branch of the dungeon, and saw 1 of its levels.

You collected 7 gold pieces.

Inventory:

Hand Weapons
 a - a +0 hand axe (weapon)
Armour
 b - a +0 animal skin (worn)
Potions
 c - a potion of brilliance {unknown}


   Skills:
 - Level 3.0 Fighting
 + Level 2.8 Axes
 - Level 1.7 Armour
 - Level 1.7 Dodging


You couldn't memorise any spells.
You didn't know any spells.
Your spell library was empty.

Dungeon Overview and Level Annotations

Branches:
Dungeon (1/15)

Altars:


Message History

There are monsters nearby!
A ball python comes into view.
Found 17 stones.
The bat hits you but does no damage.
There are monsters nearby!
There are monsters nearby!
The bat misses you.
You hit the bat but do no damage.
The ball python hisses angrily.
The bat barely misses you.
You miss the bat. The bat closely misses you.
A goblin comes into view. It is wielding a +0 club.
The bat closely misses you.
The kobold hits you with a +1 dagger of electrocution.
You closely miss the bat. You punch the bat.
The bat is moderately wounded.
You closely miss the kobold.
The goblin shouts!
The bat hits you. The kobold misses you. The bat barely misses you.
The kobold hits you with a +1 dagger of electrocution.
You hit the bat.
You kill the bat!
Trog accepts your kill.
You barely miss the ball python. You completely miss the kobold.
The ball python bites you. The ball python grabs you.
The ball python constricts you.
A ball python comes into view.
The ball python barely misses you. The ball python constricts you.
The kobold hits you with a +1 dagger of electrocution.
You are too injured to fight recklessly!
You are too injured to fight recklessly!
You are too injured to fight recklessly!
Unknown command.
A red film seems to cover your vision as you go berserk!
You feel yourself moving faster!
You feel mighty!
The ball python hisses angrily.
The ball python bites you. The ball python constricts you.
The kobold hits you with a +1 dagger of electrocution.
* * * LOW HITPOINT WARNING * * *
You are electrocuted!
You die...

#..........#
#..........# ...
........$.# .)..
.S.g......# ...#.
......>.# .....
.......#
#.#.####S.....#
#.#.#...@K....#
#.#.#.##.....(#
#######...#.#########
# ...................
#.#.#####.###........
^...#####.###........
#.............>.....
#..##'##############
#...###...###...#


You could see a goblin, 2 ball pythons and a kobold.

Vanquished Creatures
  An endoplasm (D:1)
  A bat (D:1)
2 creatures vanquished.

Notes
Turn   | Place    | Note
-------+----------+-------------------------------------------
     0 | D:1      | knot the Demonspawn Berserker began the quest for the Orb.
     0 | D:1      | Reached XP level 1. HP: 18/18 MP: 1/1
   144 | D:1      | Slain by a kobold

Illustrated notes

Levels and vault maps discovered:
D:1:      minmay_arrival_nine_rooms, layout_rooms, basic_ecumenical_altar

Action                   || total
-------------------------++-------
Melee: Hand axe          ||     7
       Punch             ||     1
Invok: Berserk           ||     1
Armor: Animal skin       ||     1
Dodge: Dodged            ||     8

Table legend: (Time is in decaauts)
 A = Elapsed time spent in this place.
 B = Non-inter-level travel time spent in this place.
 C = Inter-level travel time spent in this place.
 D = Time resting spent in this place.
 E = Time spent auto-exploring this place.
 F = Levels seen in this place.
 G = Mean time per level.
                   A        B        C        D        E       F      G
               +--------+--------+--------+--------+--------+-----+--------+
         Total |    145 |    145 |      0 |      0 |    127 |   1 |  145.0 |
       Dungeon |    145 |    145 |      0 |      0 |    127 |   1 |  145.0 |
               +--------+--------+--------+--------+--------+-----+--------+

Top non-repeatable levels by time:
     D:1: 145 daAuts
